AoeStats
← Cordoba

Arabian Desert

510072344Analyzed
1v1 RM · 2d ago on Sep 29, 2026· 60m 2s· 2 players
Game mode
Random Map
Map size
Tiny (2 player)
Population
200
Speed
Normal
Resources
Standard
Victory
Conquest
Starting age
Dark Age
Ending age
Imperial Age
RankedLock teamsTeams togetherTeam positionsShared explorationLock speedFull tech treeHidden civsTurbo modeCheats
Victory
Defeat
🇦🇷 Mongols · Argentina
1220
+15
🇫🇷 Tupi · France
1203
-15
Lester
6:43 Loom
9:57 Feudal Age
10:41 Double-Bit Axe
10:40 Horse Collar
19:14 Fletching
23:23 Castle Age
22:40 Padded Archer Armor
23:39 Elite Skirmisher
23:44 Crossbowman
23:48 Pikeman
26:52 Heavy Plow
30:07 Bow Saw
37:48 Imperial Age
35:58 Bodkin Arrow
36:46 Wheelbarrow
35:57 Town Watch
37:18 Ballistics
38:44 Elite Blackwood Archer
39:56 Bracer
41:01 Leather Archer Armor
43:23 Chemistry
42:48 Curare
47:10 Hand Cart
48:10 Ring Archer Armor
49:05 Forging
48:49 Gold Mining
48:50 Stone Mining
50:01 Two-Man Saw
50:16 Halberdier
50:17 Champi Runner
51:25 Squires
51:55 Champi Warrior
54:07 Scale Mail Armor
54:42 Iron Casting
56:26 Elite Champi Warrior
57:37 Chain Mail Armor
59:36 Elite Champi Warrior
Cordoba
6:21 Loom
8:34 Feudal Age
10:02 Double-Bit Axe
20:40 Castle Age
19:27 Fletching
20:10 Scale Barding Armor
20:20 Horse Collar
21:17 Bloodlines
21:38 Forging
25:31 Iron Casting
25:33 Fletching
26:06 Bow Saw
26:39 Town Watch
27:41 Wheelbarrow
28:23 Bodkin Arrow
28:28 Gold Mining
28:28 Stone Mining
28:56 Padded Archer Armor
30:27 Leather Archer Armor
32:12 Ballistics
34:40 Imperial Age
32:23 Heavy Plow
32:37 Murder Holes
33:33 Hand Cart
34:00 Thumb Ring
36:50 Bracer
39:39 Conscription
39:43 Chain Barding Armor
40:23 Blast Furnace
39:29 Husbandry
38:49 Light Cavalry
40:35 Chemistry
40:25 Hussar
41:32 Siege Engineers
48:07 Elite Skirmisher
49:56 Gold Shaft Mining
49:56 Stone Shaft Mining
60:24 Town Patrol
Connection lost

Rejoining the realm…

Still unreachable

The connection could not be restored.

Session expired

The server has moved on; the page needs a fresh start.